 Dungeon Crawl Stone Soup version 0.21.0-3-g78d12a8 (webtiles) character file.

11 grindst0ne the Firebug (level 2, -4/22 HPs)
             Began as a Demonspawn Fire Elementalist on Jan 9, 2018.
             Slain by a gnoll (5 damage)
             ... on level 1 of the Dungeon.
             The game lasted 00:02:04 (864 turns).

grindst0ne the Firebug (DsFE)                        Turns: 864, Time: 00:02:05

Health: -4/22      AC:  6    Str:  8    XL:     2   Next: 13%
Magic:  5/5        EV: 10    Int: 16    God:
Gold:   50         SH:  0    Dex: 13    Spells: 4/5 levels left

rFire    . . .     SeeInvis .   d - +0 spear
rCold    . . .     Gourm    .   (no shield)
rNeg     . . .     Faith    .   i - +0 ring mail
rPois    .         Spirit   .   (no helmet)
rElec    .         Reflect  .   (no cloak)
rCorr    .         Harm     .   e - +0 pair of gloves
MR       .....                  (no boots)
Stlth    +.........             (no amulet)
HPRegen  0.07/turn              (no ring)
MPRegen  0.09/turn              (no ring)

@: no status effects
A: hooves 1
a: no special abilities


You were on level 1 of the Dungeon.
You were not hungry.

You visited 1 branch of the dungeon, and saw 1 of its levels.

You collected 50 gold pieces.

Inventory:

Hand Weapons
 d - a +0 spear (weapon)
Armour
 e - a +0 pair of gloves (worn)
 f - a +0 chain mail
 i - a +0 ring mail (worn)
Scrolls
 a - a scroll of teleportation {unknown}
 g - a scroll of immolation {unknown}
Potions
 j - a potion of haste {unknown}
Books
 b - a book of Flames

   Spells                             Type                      Level
   a - Flame Tongue                   Conjuration/Fire             1
   b - Throw Flame                    Conjuration/Fire             2
   c - Conjure Flame                  Conjuration/Fire             3
   d - Inner Flame                    Hexes/Fire                   3
   e - Sticky Flame                   Conjuration/Fire             4
   f - Fireball                       Conjuration/Fire             5
Comestibles
 c - a ration
 h - 3 chunks of flesh


   Skills:
 * Level 1.8 Fighting
 - Level 1.7 Dodging
 - Level 1.7 Stealth
 - Level 2.0 Spellcasting
 - Level 1.0 Conjurations
 - Level 2.6 Fire Magic


You had 4 spell levels left.
You knew the following spells:

 Your Spells              Type           Power        Failure   Level  Hunger
a - Flame Tongue          Conj/Fire      #....        30%         1    #......


Dungeon Overview and Level Annotations

Branches:
Dungeon (1/15)

Altars:


Innate Abilities, Weirdness & Mutations

You have large cloven feet.


Message History

You hit the gnoll but do no damage. Your kick misses the gnoll.
The gnoll hits you!
You barely miss the gnoll. The gnoll hits you but does no damage.
You barely miss the gnoll. The gnoll misses you.
You hit the gnoll.
The gnoll is heavily wounded.
The gnoll hits you but does no damage.
You barely miss the gnoll. You kick the gnoll, but do no damage.
The gnoll is moderately wounded.
The gnoll hits you.
You barely miss the gnoll.
The gnoll is moderately wounded.
The gnoll hits you.
* * * LOW HITPOINT WARNING * * *
You hit the gnoll but do no damage. You kick the gnoll, but do no damage.
The gnoll is moderately wounded.
The gnoll hits you.
* * * LOW HITPOINT WARNING * * *
The gnoll hits you.
You die...

########### ..........# ##
..........# #.. ..........# ..
..).......###### ##.#
...............### #..# .
.................### #..#.#
................@g.# ####.....
..........#######..######.....#.#
............# ##.g..........#
.....######.# #######......##
###..######.##### #........#
................# #.#........
###.#####.......# ##g#####....
....# #.......######..# ####
'##.# ##.......##.....####


You could see a gnoll and a hobgoblin.

Vanquished Creatures
  A goblin (D:1)
  3 hobgoblins (D:1)
  4 bats (D:1)
  A kobold (D:1)
  A rat (D:1)
10 creatures vanquished.

Notes
Turn   | Place    | Note
-------+----------+-------------------------------------------
     0 | D:1      | grindst0ne the Demonspawn Fire Elementalist began the quest for the Orb.
     0 | D:1      | Reached XP level 1. HP: 13/13 MP: 3/3
   239 | D:1      | Reached skill level 1 in Fighting
   672 | D:1      | Gained mutation: You have large cloven feet. [demonic ancestry]
   672 | D:1      | Reached XP level 2. HP: 13/22 MP: 5/5
   854 | D:1      | HP: 1/22 [gnoll (5)]
   864 | D:1      | Slain by a gnoll

Skill      XL: |  1 |
---------------+----+-----
Fighting       | 1 |  1.8
Dodging        | |  1.7
Stealth        | |  1.7
Spellcasting   | |  2.0
Conjurations   | |  1.0
Fire Magic     | |  2.6

Action                   || total
-------------------------++-------
Melee: Spear             ||    50
       Unarmed           ||     9
       Kick              ||     2
 Cast: Flame Tongue      ||     1
Armor: Robe              ||     7
       Leather armour    ||     6
       Ring mail         ||    17
Dodge: Dodged            ||    53
